 Dungeon Crawl Stone Soup version 0.32-a0-42-ga30500b4d3 (webtiles) character file.

Game seed: 4210685485681638339

24 CowFu the Ruffian (level 3, -1/31 HPs)
             Began as a Ghoul Monk on Jan 27, 2024.
             Slain by a gnoll
             ... wielding a +4 halberd
              (6 damage)
             ... on level 2 of the Dungeon.
             The game lasted 00:01:08 (310 turns).

CowFu the Ruffian (Ghoul Monk)                       Turns: 310, Time: 00:01:09

Health: -1/31      AC:  2    Str: 16    XL:     3   Next: 2%
Magic:  3/3        EV: 12    Int:  9    God:
Gold:   43         SH:  0    Dex: 11    Spells: 2/2 levels left

rFire   . .          .
                       - Unarmed
rCold   + . .        c - orb {light}
rNeg    + + +        a - +0 robe
rPois   ∞            (no helmet)
rElec   .            (no cloak)
rCorr   .            (no gloves)
SInv    .            (no boots)
Will    .....        (no amulet)
Stlth   +            (no ring)
HPRegen 0.00/turn    (no ring)
MPRegen 0.08/turn

%: no passive effects
@: confused, ambrosia-drunk, inhibited regen, glowing
A: claws 1, cold resistance 1, negative energy resistance 3, inhibited
regeneration, torment resistance 2, devour on kill
a: no special abilities


You were on level 2 of the Dungeon.
You visited 1 branch of the dungeon, and saw 2 of its levels.

You collected 43 gold pieces.

Inventory:

Armour
 a - a +0 robe (worn)
 c - an orb of light (worn)
Scrolls
 d - a scroll of fear {unknown}
Potions
 e - 2 potions of enlightenment {unknown}


   Skills:
 - Level 3.2 Fighting
 - Level 2.6 Dodging
 + Level 4.5 Unarmed Combat


You had 2 spell levels left.
You didn't know any spells.
Your spell library was empty.

Dungeon Overview and Level Annotations

Branches:
Dungeon (1/15)

Altars:


Innate Abilities, Weirdness & Mutations

You are immune to poison.
You have sharp fingernails.
Your flesh is cold resistant. (rC+)
You are immune to negative energy. (rN+++)
You do not regenerate when monsters are visible.
You are immune to unholy pain and torment.
You thrive by killing the living.


Message History

HP restored.
You see here a +0 mace.
A gnoll comes into view. It is wielding a +4 halberd.
The gnoll shouts!
You hear a shout! x2
A gnoll comes into view. It is wielding a +0 club.
The gnoll shouts!
There are monsters nearby!
A gnoll comes into view. It is wielding a +0 spear.
There are monsters nearby!
The gnoll closely misses you.
There are monsters nearby!
You scratch the gnoll but do no damage. The gnoll closely misses you.
You scratch the gnoll but do no damage. The gnoll hits you with a +4 halberd!
You scratch the gnoll.
The gnoll is moderately wounded.
The gnoll hits you with a +4 halberd!
You are too injured to fight recklessly!
You are too injured to fight recklessly!
You are too injured to fight recklessly!
You are too injured to fight recklessly!
You are too injured to fight recklessly!
You are too injured to fight recklessly!
You are too injured to fight recklessly!
You are too injured to fight recklessly!
You are too injured to fight recklessly!
You are too injured to fight recklessly!
You are too injured to fight recklessly!
You are too injured to fight recklessly!
You are too injured to fight recklessly!
You are too injured to fight recklessly!
You are too injured to fight recklessly!
You are too injured to fight recklessly!
You are too injured to fight recklessly!
You are confused.
You feel invigorated. The gnoll hits you with a +4 halberd!
* * * LOW HITPOINT WARNING * * *
You scratch the gnoll.
The gnoll is severely wounded.
The gnoll hits you with a +4 halberd.
You die...

#..# #..#
#..# #..
#g. #g# #
#g#.# #.
#@#.# #
#.##.#.##.#
#.........#
###....####
#..##....
##.....###
.. #..#####
#.# #)##
#.# #.# #.#


You could see 3 gnolls.

Vanquished Creatures
  A ball python (D:2)
  4 endoplasms (D:1)
  6 goblins (D:1)
  A hobgoblin (D:1)
  2 quokkas (D:1)
  2 bats (D:1)
  A frilled lizard (D:2)
  3 kobolds
  2 rats
22 creatures vanquished.

Notes
Turn   | Place    | Note
-------+----------+-------------------------------------------
     0 | D:1      | CowFu the Ghoul Monk began the quest for the Orb.
     0 | D:1      | Reached XP level 1. HP: 19/19 MP: 1/1
    34 | D:1      | Reached XP level 2. HP: 22/26 MP: 2/2
    69 | D:1      | Reached skill level 4 in Unarmed Combat
   192 | D:1      | You fall into a shaft and drop 1 floor!
   247 | D:2      | Reached XP level 3. HP: 31/31 MP: 3/3
   309 | D:2      | HP: 1/31 [gnoll/+4 halberd (14)]
   310 | D:2      | Slain by a gnoll

Illustrated notes

Levels and vault maps discovered:
D:1:      onia_arrival_pyramid, layout_loops_cross,
          chequers_serial_rivers_micro_c
D:2:      layout_loops_ring

Skill      XL: |  1  2 |
---------------+-------+-----
Unarmed Combat | 4 |  4.5
Fighting       | |  3.2
Dodging        | |  2.6

Action                     || total
---------------------------++-------
  Melee: Unarmed           ||    44
    Use: Potion            ||     1
 Armour: Robe              ||    22
  Dodge: Dodged            ||    24

Table legend: (Time is in decaauts)
 A = Elapsed time spent in this place.
 B = Non-inter-level travel time spent in this place.
 C = Inter-level travel time spent in this place.
 D = Time resting spent in this place.
 E = Time spent auto-exploring this place.
 F = Levels seen in this place.
 G = Mean time per level.
                   A        B        C        D        E       F      G
               +--------+--------+--------+--------+--------+-----+--------+
         Total |    307 |    307 |      0 |      0 |    212 |   2 |  153.5 |
       Dungeon |    307 |    307 |      0 |      0 |    212 |   2 |  153.5 |
               +--------+--------+--------+--------+--------+-----+--------+

Top non-repeatable levels by time:
     D:1: 190 daAuts
     D:2: 116 daAuts
